 Dungeon Crawl Stone Soup version 0.29-a0-2-g12fcac58f8 (webtiles) character file.

Game seed: 2073028607081420110

6850 siradein the Destroyer (level 11, -4/64 HPs)
             Began as a Gargoyle Conjurer on Jan 27, 2022.
             Was an Elder of Sif Muna.
             Killed from afar by Maggie (13 damage)
             ... with a bolt of fire
             ... on level 9 of the Dungeon.
             The game lasted 01:05:48 (13142 turns).

siradein the Destroyer (Gargoyle Conjurer)         Turns: 13142, Time: 01:05:48

Health: -4/64      AC: 15    Str: 11    XL:     11   Next: 6%
Magic:  12/23      EV: 11    Int: 23    God:    Sif Muna [****..]
Gold:   587        SH:  0    Dex:  8    Spells: 11/27 levels left

rFire   . . .      SeeInvis .   C - +2 rapier (elec)
rCold   . . .      Faith    .   (no shield)
rNeg    + . .      Spirit   .   t - +0 troll leather armour {Pargi}
rPois   ∞          Reflect  .   (no helmet)
rElec   +          Harm     .   (no cloak)
rCorr   +          Rampage  .   z - +0 pair of gloves
Will    .....                   m - +0 pair of boots
Stlth   ..........              (no amulet)
HPRegen 1.00/turn               d - ring of wizardry
MPRegen 0.18/turn               q - ring "Zaikluf" {rElec rPois rCorr Slay+4 Stlth-}

@: channelling, mesmerised, very slightly contaminated
A: sickness immunity, AC +8, negative energy resistance 1, electricity
resistance, torment resistance 1, petrification resistance
a: Renounce Religion, Channel Magic, Forget Spell, Divine Exegesis


You were on level 9 of the Dungeon.
You worshipped Sif Muna.
Sif Muna was greatly pleased with you.
You visited 2 branches of the dungeon, and saw 10 of its levels.
You also visited: Ossuary.

You collected 587 gold pieces.

Inventory:

Hand Weapons
 s - a +2 vampiric short sword
 C - a +2 rapier of electrocution (weapon)
Missiles
 l - a throwing net
Armour
 m - a +0 pair of boots (worn)
 t - a +0 troll leather armour (worn) {Pargi}
 z - a +0 pair of gloves (worn)
 A - an orb of mayhem
Magical Staves
 b - a staff of fire
Jewellery
 d - a ring of wizardry (left hand)
 g - a ring of willpower
 p - a +6 ring of dexterity
 q - the ring "Zaikluf" (right hand) {rElec rPois rCorr Slay+4 Stlth-}
   (You found it on level 4 of the Dungeon)

   [ring of poison resistance]

   Slay:      It affects your accuracy & damage with ranged weapons and melee
   (+4).
   rElec:     It insulates you from electricity.
   rPois:     It protects you from poison.
   rCorr:     It protects you from acid and corrosion.
   Stlth:     It makes you less stealthy.
 u - a ring of fire
 v - a ring of willpower
 B - a +4 ring of evasion
 H - a ring of protection from fire
Wands
 r - a wand of iceblast (16)
 y - a wand of flame (23)
Scrolls
 a - a scroll of brand weapon
 c - a scroll of fog
 e - 6 scrolls of teleportation
 f - a scroll of holy word
 o - 2 scrolls of immolation
 w - a scroll of enchant weapon {unknown}
 x - 2 scrolls of magic mapping {unknown}
 G - 2 scrolls of blinking {unknown}
Potions
 h - 7 potions of curing
 i - 2 potions of berserk rage
 j - 5 potions of brilliance
 k - 5 potions of might
 n - a potion of haste {unknown}
 D - 4 potions of flight
 E - a potion of resistance {unknown}
 F - a potion of attraction {unknown}
 I - a potion of mutation {unknown}


   Skills:
 - Level 5.8 Fighting
 - Level 5.9 Armour
 - Level 1.5 Dodging
 - Level 2.1 Stealth
 + Level 8.5 Spellcasting
 + Level 10.7 Conjurations
 + Level 6.7 Earth Magic
 + Level 4.9 Invocations


You had 11 spell levels left.
You knew the following spells:

 Your Spells              Type           Power      Damage    Failure   Level
a - Magic Dart            Conj           100%       1d8       1%          1
b - Searing Ray           Conj           100%       2d8       1%          2
c - Fulminant Prism       Conj/Hex       17%        3d11      3%          4
d - Iskenderun's Mystic   Conj/Tloc      34%        2d8       3%          4
e - Lee's Rapid Deconstr  Erth           20%        3d13*     6%          5

Your spell library contained the following spells:

 Spells                   Type           Power      Damage    Failure   Level
 Dazzling Flash           Conj/Hex       68%        N/A       1%          3
 Wereblood                Tmut           9%         N/A       5%          2
 Leda's Liquefaction      Hex/Erth       12%        N/A       9%          4
 Confusing Touch          Hex            9%         N/A       11%         3
 Ozocubu's Armour         Ice            9%         N/A       11%         3
 Metabolic Englaciation   Hex/Ice        4%         N/A       65%         5
 Yara's Violent Unravell  Hex/Tmut       4%         3d4       65%         5
 Simulacrum               Ice/Necr       4%         N/A       99%         6
 Enfeeble                 Hex            4%         N/A       100%        7
 Summon Hydra             Summ           4%         N/A       100%        7
 Sublimation of Blood     Necr           Unusable   N/A       N/A         2
 Statue Form              Tmut/Erth      Unusable   N/A       N/A         6

Dungeon Overview and Level Annotations

Branches:
Dungeon (9/15)             Temple (1/1) D:4         Ossuary (visited)
   Lair: D:8-11         Orc: D:9-12

Altars:
Ashenzari
Cheibriados
Elyvilon
Fedhas
Hepliaklqana
Makhleb
Nemelex Xobeh
Okawaru
Qazlal
Sif Muna
Uskayaw
Vehumet
Wu Jian
Xom
Yredelemnul
Zin
The Shining One

Shops:
D:1 ?   D:3 (   D:8 (

Annotations:
D:8 exclusion: 2 oklob plants
D:9 Maggie


Innate Abilities, Weirdness & Mutations

You are immune to sickness and miasma.
Your stone body is resilient. (AC +8)
You are immune to poison.
You resist negative energy. (rN+)
You are resistant to electric shocks. (rElec)
You are resistant to unholy torment.
You are immune to petrification.


Message History

Confirm with . or Enter, or press ? or * to list all spells.
Okay, then.
Maggie points at you and mumbles some strange words.
The bolt of fire hits you!!
* * * LOW HITPOINT WARNING * * *
Maggie casts a spell.
Maggie attempts to bespell you!
You are mesmerised by Maggie!
You cannot move away from Maggie!
You cannot move away from Maggie!
You cannot move away from Maggie!
Okay, then.
Okay, then.
Okay, then.
You fail to use your ability.
Maggie points at you and mumbles some strange words.
The bolt of fire misses you.
Maggie says, "Fear not.
I will immortalize you in the tale of my first kill."
Casting: Iskenderun's Mystic Blast (dangerous; 3% risk of failure)
Confirm with . or Enter, or press ? or * to list all spells.
You erupt in a blast of force!
The mystic blast hits Maggie!
Maggie is severely wounded.
Maggie is knocked back by the mystic blast.
Maggie gestures wildly while chanting.
Maggie draws you further into her thrall.
Casting: Iskenderun's Mystic Blast (dangerous; 3% risk of failure)
Confirm with . or Enter, or press ? or * to list all spells.
You can't see any susceptible monsters within range! (Use Z to cast anyway.)
Casting: Iskenderun's Mystic Blast (dangerous; 3% risk of failure)
Confirm with . or Enter, or press ? or * to list all spells.
Aiming: Fulminant Prism (dangerous; 3% risk of failure)
Press: ? - help, Dir - move target You conjure a prism of explosive energy!
A fulminant prism comes into view.
Maggie gestures at you while chanting.
The bolt of fire hits your fulminant prism!
Your fulminant prism resists.
Your fulminant prism detonates feebly.
The bolt of fire hits you!
You die...

........>... . ... ............#
.# .. ..##.. ......#.##..### #.#
........# .....#####....# #.#
###.##..... .......# #>...#
#.#####.#.##..... ....@..####...#
#.........##..# #
..<.....##..(.###.........##..# #
.........#.....##..........#..###
....#...##.@....@............###.
....#.........#####.......#......
..#..##......######...######.....
#.##. #.....####.)...## #...... .
.##.#.....# #.....## ##..###
...........###......# ###......
#..#......†##.......####.....###
# #.....[.....†............##
#...........#............#


You could see Maggie (mesmerising).

Vanquished Creatures
  A two-headed ogre (D:9)
  A troll (D:9)
  Sigmund (D:4)
  A wraith (D:8)
  A basilisk (D:9)
  3 wyverns (D:9)
  5 water moccasins
  A floating eye (D:8)
  An acid dragon (D:9)
  2 ice beasts
  An orc warrior (D:8)
  A black bear (D:6)
  2 sky beasts (D:6)
  Pargi (D:4)
  An ogre (D:5)
  A phantom (D:5)
  5 centaurs
  3 bullfrogs
  An elf zombie (Ossuary)
  2 kobold brigands
  6 killer bees (D:8)
  14 wights
  9 howler monkeys
  2 centaur skeletons
  9 centaur zombies
  A hound (D:6)
  A jelly (D:7)
  2 bullfrog zombies
  2 gnoll shamans
  A human zombie (Ossuary)
  4 orc priests
  6 iguanas
  6 orc wizards
  Natasha (thrice) (D:3)
  A killer bee zombie (D:8)
  A hound zombie (Ossuary)
  3 mummies (Ossuary)
  34 gnolls
  2 adders
  2 white imps
  2 adder zombies (Ossuary)
  An adder skeleton (D:4)
  A worm (D:3)
  2 dart slugs
  34 orcs
  3 bats
  An endoplasm (D:4)
  3 giant cockroaches
  8 goblins
  10 hobgoblins
  12 jackals (D:4)
  20 kobolds
  5 quokkas
  4 ball pythons
  2 frilled lizards
  3 gnoll zombies (Ossuary)
  3 goblin zombies (Ossuary)
  5 hobgoblin zombies (Ossuary)
  2 jackal zombies (Ossuary)
  5 kobold zombies (Ossuary)
  2 orc zombies (Ossuary)
  A quokka zombie (Ossuary)
  3 rats
  6 rat zombies
282 creatures vanquished.

Vanquished Creatures (others)
  2 fulminant prisms (D:9)
  4 fungi (D:9)
  24 plants
30 creatures vanquished.

Grand Total: 312 creatures vanquished

Notes
Turn   | Place    | Note
-------+----------+-------------------------------------------
     0 | D:1      | siradein the Gargoyle Conjurer began the quest for the Orb.
     0 | D:1      | Reached XP level 1. HP: 10/10 MP: 3/3
   108 | D:1      | Found Ywe Cij's Magic Scroll Emporium.
   383 | D:1      | Reached XP level 2. HP: 15/15 MP: 0/5
  1272 | D:1      | Found a faded altar of an unknown god.
  1397 | D:1      | Reached XP level 3. HP: 20/20 MP: 2/6
  1548 | D:1      | Learned a level 2 spell: Searing Ray
  1671 | D:2      | Reached skill level 1 in Fighting
  1671 | D:2      | Reached skill level 1 in Armour
  1768 | D:2      | Reached skill level 5 in Conjurations
  1768 | D:2      | Reached XP level 4. HP: 25/25 MP: 3/8
  2076 | D:2      | Found a broken altar of Ashenzari.
  2689 | D:2      | Reached XP level 5. HP: 30/30 MP: 4/9
  3065 | D:3      | You fall into a shaft and drop 2 floors!
  3065 | D:5      | Entered Level 5 of the Dungeon
  3290 | D:5      | Learned a level 4 spell: Fulminant Prism
  3296 | D:5      | Found a glowing silver altar of Zin.
  3308 | D:5      | Reached XP level 6. HP: 36/36 MP: 3/11
  3650 | D:5      | Found a stormy altar of Qazlal.
  3718 | D:5      | Noticed a water moccasin
  3809 | D:4      | Found a broken altar of Ashenzari.
  3811 | D:4      | Identified the ring "Zaikluf" {rElec rPois rCorr Slay+4
                  | Stlth-}
  3869 | D:4      | Noticed Sigmund
  3944 | D:4      | Reached skill level 6 in Conjurations
  3944 | D:4      | Reached XP level 7. HP: 11/41 MP: 1/12
  4350 | D:4      | Found a staircase to the Ecumenical Temple.
  4357 | Temple   | Entered the Ecumenical Temple
  4428 | Temple   | Became a worshipper of Sif Muna the Loreminder
  4566 | D:4      | Noticed Pargi
  4578 | D:4      | Killed Pargi
  4699 | D:4      | Killed Sigmund
  5009 | D:3      | Found Beumirei's Weapon Shop.
  5157 | D:3      | Noticed Natasha
  5161 | D:3      | Killed Natasha
  5207 | D:3      | Noticed Natasha
  5211 | D:3      | Killed Natasha
  5458 | D:3      | Found a white marble altar of Elyvilon.
  5755 | D:3      | Noticed Natasha
  5760 | D:3      | Killed Natasha
  5761 | D:3      | Reached XP level 8. HP: 48/48 MP: 8/14
  5914 | D:4      | Reached * piety under Sif Muna
  6884 | D:4      | Reached skill level 7 in Conjurations
  7083 | D:4      | Reached ** piety under Sif Muna
  7084 | D:4      | Reached skill level 5 in Armour
  7218 | D:4      | Reached skill level 5 in Fighting
  7328 | D:4      | Learned a level 4 spell: Iskenderun's Mystic Blast
  7633 | D:5      | Reached skill level 5 in Spellcasting
  8624 | D:6      | Found an iron altar of Okawaru.
  8669 | D:6      | Reached XP level 9. HP: 53/55 MP: 6/17
  8884 | D:6      | Reached skill level 8 in Conjurations
  9636 | D:6      | Learned a level 5 spell: Lee's Rapid Deconstruction
  9784 | D:6      | Found a blossoming altar of Fedhas.
  9946 | D:7      | Reached skill level 1 in Earth Magic
 10188 | D:7      | Reached skill level 9 in Conjurations
 10262 | D:7      | Found a radiant altar of Vehumet.
 10320 | D:7      | Reached *** piety under Sif Muna
 10584 | D:7      | Found a sparkling altar of Nemelex Xobeh.
 10877 | D:8      | Reached XP level 10. HP: 60/60 MP: 9/20
 10910 | D:8      | Found a sand-covered staircase.
 10927 | Ossuary  | Entered an ossuary
 11063 | Ossuary  | Reached skill level 1 in Invocations
 11322 | Ossuary  | Reached **** piety under Sif Muna
 11527 | D:8      | Paralysed by a floating eye for 4 turns
 11535 | D:8      | Paralysed by a floating eye for 2 turns
 11599 | D:8      | Noticed an oklob plant
 11599 | D:8      | Noticed an oklob plant
 11924 | D:8      | Found Hierchim's Weapon Boutique.
 12038 | D:8      | Reached skill level 5 in Earth Magic
 12230 | D:8      | Reached skill level 10 in Conjurations
 12623 | D:9      | Noticed a two-headed ogre
 12645 | D:9      | Killed a two-headed ogre
 12980 | D:9      | Reached XP level 11. HP: 43/64 MP: 9/23
 13114 | D:9      | Noticed Maggie
 13136 | D:9      | HP: 3/64 [Maggie/bolt of fire (31)]
 13142 | D:9      | Killed from afar by Maggie

Illustrated notes

Levels and vault maps discovered:
D:1:      dpeg_arrival_castle, layout_loops_corners, serial_shops,
          nicolae_shop_stone, dilly_ecumenical_altar_fadedgnrine,
          minmay_pentomino_s2
D:2:      cheibrodos_pilgrimage, layout_basic, basic_altar
D:3:      layout_basic, nicolae_elyvilon_temple_path, serial_shops,
          nicolae_shop_bloodbath_and_beyond, uniq_natasha
D:4:      lemuel_castle_with_subvaults [lemuel_castle_interior_carwin_1],
          layout_cave_pools, nicolae_ashenzari_skybound,
          minmay_temple_entry_mini_moons, minmay_liquid_box, uniq_sigmund,
          uniq_pargi
D:5:      layout_layer_cave, grunt_qazlal_sundering,
          mainiacjoe_overflow_small_starburst
D:6:      layout_basic, mainiacjoe_overflow_paths, okawaru_trees_2,
          minmay_a_box_with_orc_wizards_in_it
D:7:      layout_loops_cross, kennysheep_mini_moat, lemuel_crystal_altar
D:8:      layout_loops_ring, serial_shops, shop, enter_ossuary_4,
          disabler_island
D:9:      layout_cave_pools, nicolae_ru_sacrificial_ziggurat,
          minmay_lair_entry_grove, corner_web_ring, uniq_maggie
Temple:   dpeg_three_leaves_temple

Skill      XL: |  1  2  3  4  5  6  7  8  9 10 |
---------------+-------------------------------+-----
Fighting       | 1 2 3 4 5 |  5.8
Armour         | 1 2 3 4 5 |  5.9
Conjurations   | 5 6 7 9 10 | 10.7
Spellcasting   | 3 4 5 7 8 |  8.5
Earth Magic    | 3 6 |  6.7
Invocations    | 4 |  4.9
Dodging        | |  1.5
Stealth        | |  2.1

Action                   |  1- 3 |  4- 6 |  7- 9 | 10-12 || total
-------------------------+-------+-------+-------+-------++-------
Melee: Short sword       |     6 |     2 |    40 |       ||    48
       Spear             |    11 |     2 |       |       ||    13
       Punch             |     1 |       |       |     1 ||     2
       Whip              |       |    12 |       |       ||    12
       Rapier            |       |       |    25 |   116 ||   141
 Cast: Magic Dart        |    46 |    46 |   213 |     6 ||   311
       Searing Ray       |     3 |    16 |    65 |    40 ||   124
       Iskenderun's Myst |       |       |       |     7 ||     7
       Fulminant Prism   |       |       |       |     2 ||     2
Invok: Channel Magic     |       |       |       |     2 ||     2
  Use: Scroll            |       |       |     9 |     1 ||    10
Armor: Robe              |     3 |     8 |       |       ||    11
       Leather armour    |       |    14 |     7 |       ||    21
       Troll leather arm |       |       |    93 |   137 ||   230
Dodge: Dodged            |    11 |    20 |   108 |   160 ||   299

Table legend: (Time is in decaauts)
 A = Elapsed time spent in this place.
 B = Non-inter-level travel time spent in this place.
 C = Inter-level travel time spent in this place.
 D = Time resting spent in this place.
 E = Time spent auto-exploring this place.
 F = Levels seen in this place.
 G = Mean time per level.
                   A        B        C        D        E       F      G
               +--------+--------+--------+--------+--------+-----+--------+
         Total |  13207 |  13011 |    196 |    585 |  10056 |  11 | 1200.6 |
       Dungeon |  12638 |  12442 |    196 |    585 |   9686 |   9 | 1404.2 |
        Temple |     83 |     83 |      0 |      0 |     58 |   1 |   83.0 |
       Ossuary |    485 |    485 |      0 |      0 |    312 |   1 |  485.0 |
               +--------+--------+--------+--------+--------+-----+--------+

Top non-repeatable levels by time:
     D:4: 2948 daAuts
     D:5: 1632 daAuts
     D:1: 1604 daAuts
     D:2: 1462 daAuts
     D:6: 1276 daAuts
     D:8: 1259 daAuts
     D:7: 980 daAuts
     D:3: 885 daAuts
     D:9: 588 daAuts
 Ossuary: 485 daAuts
  Temple: 83 daAuts
